AoeStats
← iKill

Arabia

507312153Analyzed
2v2 RM · 15d ago on Sep 17, 2026· 58m 38s· 4 players
Game mode
Random Map
Map size
Medium (4 player)
Population
200
Speed
Normal
Resources
Standard
Victory
Conquest
Starting age
Dark Age
Ending age
Imperial Age
RankedLock teamsTeams togetherTeam positionsShared explorationLock speedFull tech treeHidden civsTurbo modeCheats
Victory
Defeat
🇪🇸 Persians · Spain
701
+11
🇪🇸 Franks · Spain
608
+14
🇧🇷 Huns · Brazil
597
-13
🇵🇹 Britons · Portugal
571
-12
Toerz
10:55 Feudal Age
10:02 Loom
11:21 Double-Bit Axe
15:39 Horse Collar
20:31 Castle Age
18:53 Stone Mining
22:03 Caravan
25:02 Coinage
27:40 Loom
28:30 Heavy Plow
28:42 Bow Saw
29:16 Gold Mining
29:50 Pikeman
30:31 Squires
32:29 Wheelbarrow
32:28 Crossbowman
33:51 Hand Cart
34:36 Ballistics
33:57 Treadmill Crane
34:43 Fletching
34:53 Padded Archer Armor
35:32 Gold Shaft Mining
36:26 Masonry
36:30 Fervor
37:44 Yeomen
39:08 Herbal Medicine
39:55 Bodkin Arrow
40:11 Forging
40:02 Scale Mail Armor
40:05 Town Watch
44:04 Imperial Age
41:50 Town Patrol
43:19 Iron Casting
43:00 Leather Archer Armor
46:01 Chemistry
45:06 Bracer
45:50 Warwolf
47:02 Two-Man Saw
47:33 Halberdier
47:35 Arbalester
48:57 Elite Longbowman
54:07 Ring Archer Armor
54:45 Conscription
55:53 Architecture
57:36 Blast Furnace
56:51 Chain Mail Armor
iKill
0:34 Loom
9:55 Feudal Age
10:52 Double-Bit Axe
14:34 Horse Collar
15:51 Bloodlines
19:06 Wheelbarrow
22:09 Castle Age
22:27 Gold Mining
23:51 Husbandry
24:01 Scale Barding Armor
23:25 Light Cavalry
27:30 Heavy Plow
35:18 Hand Cart
35:31 Chain Barding Armor
35:03 Fletching
40:47 Imperial Age
39:01 Gold Shaft Mining
38:16 Stone Mining
39:19 Bow Saw
39:03 Pikeman
39:45 Squires
43:50 Heavy Cavalry Archer
44:55 Parthian Tactics
44:32 Bodkin Arrow
45:14 Plate Barding Armor
44:40 Padded Archer Armor
46:11 Two-Man Saw
46:32 Halberdier
50:26 Thumb Ring
52:30 Leather Archer Armor
52:15 Bracer
52:15 Scale Mail Armor
52:27 Forging
JulesMan1706
0:38 Loom
10:30 Feudal Age
10:56 Double-Bit Axe
12:28 Wheelbarrow
13:27 Town Watch
18:21 Horse Collar
19:05 Gold Mining
20:43 Bloodlines
26:23 Castle Age
24:17 Stone Mining
27:36 Hand Cart
27:35 Bow Saw
27:58 Forging
27:26 Pikeman
28:57 Heavy Plow
29:40 Scale Barding Armor
31:27 Town Patrol
32:46 Husbandry
33:52 Kamandaran
35:23 Murder Holes
35:54 Squires
37:31 Chain Barding Armor
37:47 Iron Casting
39:44 Ballistics
39:02 Crossbowman
39:48 Thumb Ring
39:03 Elite Skirmisher
40:46 Gold Shaft Mining
40:47 Stone Shaft Mining
40:18 Padded Archer Armor
40:19 Scale Mail Armor
46:20 Imperial Age
45:05 Masonry
45:05 Fletching
46:57 Conscription
47:33 Heavy Camel Rider
51:16 Chemistry
50:35 Leather Archer Armor
50:37 Chain Mail Armor
51:11 Crop Rotation
51:55 Citadels
52:39 Ring Archer Armor
52:46 Plate Barding Armor
54:30 Two-Man Saw
54:10 Elite War Elephant
Nalim99892613
0:54 Loom
11:33 Feudal Age
13:27 Wheelbarrow
18:18 Arson
27:59 Castle Age
29:14 Hand Cart
30:46 Double-Bit Axe
33:39 Squires
33:00 Pikeman
33:11 Elite Skirmisher
34:03 Fletching
34:24 Forging
38:45 Imperial Age
38:05 Bodkin Arrow
38:10 Padded Archer Armor
38:24 Fortified Wall
40:16 Halberdier
41:20 Caravan
44:36 Chemistry
45:23 Bow Saw
47:10 Husbandry
47:31 Leather Archer Armor
47:52 Iron Casting
47:18 Scale Mail Armor
51:02 Blast Furnace
54:58 Conscription
56:29 Chain Mail Armor
Connection lost

Rejoining the realm…

Still unreachable

The connection could not be restored.

Session expired

The server has moved on; the page needs a fresh start.